 Dungeon Crawl Stone Soup version 0.29.1 (webtiles) character file.

Game seed: 10298869658914922640

528 raistware the Magician (level 7, -11/41 HPs)
             Began as an Octopode Conjurer on Sept 14, 2022.
             Mangled by an ogre
             ... wielding a +0 giant club
              (33 damage)
             ... on level 4 of the Dungeon.
             The game lasted 00:06:46 (4489 turns).

raistware the Magician (Octopode Conjurer)          Turns: 4489, Time: 00:06:46

Health: -11/41     AC:  1    Str:  6    XL:     7   Next: 23%
Magic:  12/17      EV: 13    Int: 22    God:
Gold:   137        SH:  0    Dex: 11    Spells: 14/19 levels left

rFire   + . .      SeeInvis .   s - +1 dagger (elec)
rCold   + . .      Faith    .   (no shield)
rNeg    . . .      Spirit   .   (helmet restricted)
rPois   .          Reflect  .   l - amulet of magic regeneration
rElec   .          Harm     .   v - ring of protection from cold
rCorr   .          Rampage  .   w - ring of protection from fire
Will    .....                   (no ring)
Stlth   +++.......              (no ring)
HPRegen 0.13/turn               (no ring)
MPRegen 0.55/turn               (no ring)
                                (no ring)
                                (no ring)

@: very slightly contaminated
A: almost no armour, amphibious, 8 rings, camouflage 1, gelatinous body 1,
(nimble swimmer 1), tentacles
a: no special abilities


You were on level 4 of the Dungeon.
You visited 1 branch of the dungeon, and saw 4 of its levels.

You collected 170 gold pieces.
You spent 33 gold pieces at shops.

Inventory:

Hand Weapons
 s - a +1 dagger of electrocution (weapon)
Missiles
 p - a throwing net
Jewellery
 l - an amulet of magic regeneration (around mantle)
 v - a ring of protection from cold (left tentacle)
 w - a ring of protection from fire (right tentacle)
Scrolls
 d - a scroll of fog {unknown}
 h - 2 scrolls of silence {unknown}
 i - a scroll of vulnerability {unknown}
 k - a scroll of noise {unknown}
 m - 2 scrolls of amnesia {unknown}
 n - 3 scrolls of identify {unknown}
 o - a scroll of blinking {unknown}
 q - a scroll of torment {unknown}
 r - 2 scrolls of magic mapping {unknown}
 u - a scroll of enchant weapon {unknown}
Potions
 a - a potion of magic
 b - 2 potions of haste
 c - a potion of lignification
 e - 4 potions of heal wounds
 f - a potion of berserk rage {unknown}
 g - 3 potions of curing
 j - a potion of brilliance {unknown}
 t - a potion of attraction {unknown}


   Skills:
 - Level 2.0 Dodging
 - Level 2.6 Stealth
 + Level 6.7 Spellcasting
 - Level 4.0 Conjurations
 - Level 2.0 Translocations


You had 14 spell levels left.
You knew the following spells:

 Your Spells              Type           Power      Damage    Failure   Level
a - Magic Dart            Conj           100%       1d8       1%          1
b - Iskenderun's Mystic   Conj/Tloc      20%        2d6       24%         4

Your spell library contained the following spells:

 Spells                   Type           Power      Damage    Failure   Level
 Searing Ray              Conj           50%        2d6       2%          2
 Summon Small Mammal      Summ           28%        N/A       9%          1
 Dazzling Flash           Conj/Hex       32%        N/A       11%         3
 Call Canine Familiar     Summ           7%         N/A       26%         3
 Summon Guardian Golem    Hex/Summ       7%         N/A       26%         3
 Fulminant Prism          Conj/Hex       8%         3d7       36%         4


Dungeon Overview and Level Annotations

Branches:
Dungeon (4/15)
 Temple: D:4-7

Altars:
Kikubaaqudgha

Shops:
D:3 !


Innate Abilities, Weirdness & Mutations

You cannot wear most types of armour.
You are amphibious.
You can wear up to eight rings at the same time.
Your skin changes colour to match your surroundings (Stealth+).
Your rubbery body absorbs attacks. (AC +1, EV +1)
((You are camouflaged when in or above water. (Stealth+)))
You have tentacles for arms and can constrict up to eight enemies at once.


Message History

There is an open door here.
Found an escape hatch in the ceiling.
n - 3 scrolls labelled YPOM EFICEGU (gained 2)
Found a whip.
Found a stone staircase leading down.
A goblin comes into view. It is wielding a +0 club.
A goblin is nearby!
The magic dart hits the goblin.
The goblin is moderately wounded.
The goblin shouts!
The magic dart hits the goblin.
You kill the goblin!
w - a ring of protection from fire You can't see any susceptible monsters within range! (Use Z to cast anyway.)
w - a ring of protection from fire (right tentacle)
You see here a +0 club.
An ogre comes into view. It is wielding a +0 giant club.
Found a scroll labelled DUYNUD HOESHRE and a morningstar.
The magic dart hits the ogre.
The ogre is lightly wounded.
The ogre shouts!
A hobgoblin comes into view.
An endoplasm comes into view.
The magic dart hits the ogre.
The ogre is moderately wounded.
The endoplasm quivers.
The endoplasm jiggles.
The magic dart hits the ogre!
The ogre is heavily wounded.
The magic dart hits the ogre.
The ogre is heavily wounded.
You hit the ogre. You squeeze the ogre.
The ogre is severely wounded.
The ogre hits you with a +0 giant club!!
Casting: Magic Dart (safe; 1% risk of failure)
Confirm with . or Enter, or press ? or * to list all spells.
The spell is quite dangerous to miscast (24% risk of failure)!
Continue anyway?
You miscast Iskenderun's Mystic Blast.
You are very lightly contaminated with residual magic.
Nothing appears to happen.
The ogre hits you with a +0 giant club!!
Ouch! That really hurt!
You die...

#.# #.# #.# .#
#.# ... #.# ..
#.#######
.###.####.......#
........#.#####.#
.......@..#
......O#..#
.....gJ#..#
.......#..#
.......#..#
).....?...#
........#.#
........#..


You could see an ogre, an endoplasm and a hobgoblin.

Vanquished Creatures
  Sigmund (D:4)
  A scorpion (D:3)
  An orc priest (D:4)
  Natasha (twice) (D:3)
  An orc wizard (D:3)
  7 gnolls (D:2)
  An adder (D:4)
  2 worms
  3 dart slugs
  18 orcs
  3 endoplasms
  A giant cockroach (D:4)
  7 goblins
  4 hobgoblins
  10 jackals
  4 quokkas
  5 ball pythons
  6 bats
  5 frilled lizards
  11 kobolds
  4 rats
97 creatures vanquished.

Notes
Turn   | Place    | Note
-------+----------+-------------------------------------------
     0 | D:1      | raistware the Octopode Conjurer began the quest for the
                  | Orb.
     0 | D:1      | Reached XP level 1. HP: 11/11 MP: 3/3
   333 | D:1      | Reached XP level 2. HP: 17/17 MP: 3/5
   591 | D:1      | Found a faded altar of an unknown god.
   801 | D:1      | Reached skill level 3 in Spellcasting
   919 | D:1      | Reached XP level 3. HP: 14/21 MP: 0/7
  1784 | D:2      | Reached skill level 4 in Spellcasting
  1784 | D:2      | Reached XP level 4. HP: 27/27 MP: 5/10
  1793 | D:2      | Learned a level 4 spell: Iskenderun's Mystic Blast
  1919 | D:2      | Reached skill level 1 in Translocations
  2055 | D:2      | HP: 1/40 [gnoll/+0 spear (4)]
  2563 | D:3      | Noticed Natasha
  2567 | D:3      | Killed Natasha
  2568 | D:3      | Reached XP level 5. HP: 31/31 MP: 8/11
  3062 | D:3      | Found Hiallos's Distillery.
  3068 | D:3      | Bought a potion of curing for 33 gold pieces
  3082 | D:3      | Noticed Natasha
  3086 | D:3      | Killed Natasha
  3142 | D:3      | Reached skill level 5 in Spellcasting
  3164 | D:3      | Reached XP level 6. HP: 7/36 MP: 6/13
  3432 | D:3      | Found an ancient bone altar of Kikubaaqudgha.
  4048 | D:4      | Noticed Sigmund
  4214 | D:4      | Killed Sigmund
  4215 | D:4      | Reached skill level 6 in Spellcasting
  4215 | D:4      | Reached XP level 7. HP: 31/41 MP: 13/16
  4489 | D:4      | Mangled by an ogre

Illustrated notes

Levels and vault maps discovered:
D:1:      dpeg_arrival_long_road, layout_loops_ring, basic_ecumenical_altar
D:2:      layout_loops_ring, amethyst_killhole
D:3:      layout_basic, mainiacjoe_overflow_alcove_1, serial_shops,
          nicolae_shop_stone, columned_hall_lemuel, kennysheep_generic_room_15,
          uniq_natasha
D:4:      layout_basic, minmay_temple_entry_from_below_b,
          minmay_stone_trees_large, uniq_sigmund

Skill      XL: |  1  2  3  4  5  6 |
---------------+-------------------+-----
Spellcasting   | 3 4 5 6 |  6.7
Translocations | 2 |  2.0
Dodging        | |  2.0
Stealth        | |  2.6
Conjurations   | |  4.0

Action                   |  1- 3 |  4- 6 |  7- 9 || total
-------------------------+-------+-------+-------++-------
Melee: Unarmed           |    23 |    14 |       ||    37
       Tentacles         |     6 |     5 |     3 ||    14
       Constrict         |     5 |     6 |     2 ||    13
       Dagger            |       |    21 |     7 ||    28
Throw: Throwing net      |       |     1 |       ||     1
 Cast: Magic Dart        |    64 |   111 |    33 ||   208
       Iskenderun's Myst |       |       |     1 ||     1
  Use: Potion            |       |     4 |       ||     4
 Stab: Sleeping          |     1 |     3 |       ||     4
Armor: Skin              |     1 |    24 |     1 ||    26
Dodge: Dodged            |    18 |    36 |    16 ||    70
